AoeStats
← 风中雨点

Arabia

503809015Analyzed
1v1 RM · 1mo ago on Sep 2, 2026· 16m 40s· 2 players
Game mode
Random Map
Map size
Tiny (2 player)
Population
200
Speed
Normal
Resources
Standard
Victory
Conquest
Starting age
Dark Age
Ending age
Imperial Age
RankedLock teamsTeams togetherTeam positionsShared explorationLock speedFull tech treeHidden civsTurbo modeCheats
Victory
Defeat
🇹🇼 Burgundians · Taiwan
1356
+18
🇨🇳 Franks · China
1403
-18
风中雨点
6:38 Loom
9:21 Feudal Age
11:27 Double-Bit Axe
DonkeyKong
5:55 Loom
8:59 Feudal Age
8:57 Double-Bit Axe
12:41 Horse Collar
15:51 Fletching
Connection lost

Rejoining the realm…

Still unreachable

The connection could not be restored.

Session expired

The server has moved on; the page needs a fresh start.